 Dungeon Crawl Stone Soup version 0.32-a0-7-ge934b4519a (console) character file.

Game seed: 13149048104800722530

305 petzl the Sneak (level 6, -12/49 HPs)
             Began as a Formicid Delver on Jan 14, 2024.
             Was an Initiate of Vehumet.
             Mangled by a sleepcap (21 damage)
             ... on level 4 of the Dungeon.
             The game lasted 00:11:51 (3962 turns).

petzl the Sneak (Formicid Delver)                   Turns: 3962, Time: 00:11:52

Health: -12/49     AC:  4    Str: 21    XL:     6   Next: 66%
Magic:  11/11      EV:  2    Int: 16    God:    Vehumet [......]
Gold:   155        SH:  0    Dex: 14    Spells: 12/12 levels left

rFire   . . .        b - +0 mace
rCold   x . .        (no shield)
rNeg    . . .        m - +0 leather armour
rPois   .            (helmet unavailable)
rElec   .            (no cloak)
rCorr   .            (no gloves)
SInv    +            k - +0 pair of boots
Will    .....        s - amulet of the acrobat
Stlth   +++          j - +6 ring of strength
HPRegen 0.28/turn    (no ring)
MPRegen 0.12/turn

%: acrobat
@: sleeping
A: permanent stasis, dig shafts and tunnels, antennae 3, four strong arms,
clever 1, cold vulnerability 1
a: Dig, Shaft Self, Renounce Religion


You were on level 4 of the Dungeon.
You worshipped Vehumet.
Vehumet was noncommittal.
You visited 2 branches of the dungeon, and saw 8 of its levels.

You collected 155 gold pieces.

Inventory:

Hand Weapons
 a - a +0 sling
 b - a +0 mace (weapon)
Armour
 k - a +0 pair of boots (worn)
 m - a +0 leather armour (worn)
Jewellery
 j - a +6 ring of strength (left hand)
 s - an amulet of the acrobat (around neck)
Wands
 f - a wand of digging (3)
Scrolls
 c - a scroll of fog
 d - 3 scrolls of revelation
 e - a scroll of fear
 h - 3 scrolls of identify
 q - a scroll of vulnerability
 r - a scroll of amnesia
 t - a scroll of noise
 v - a scroll of immolation
Potions
 g - a potion of attraction
 i - a potion of mutation
 l - a potion of curing
 n - 2 potions of heal wounds {unknown}
 o - a potion of degeneration {unknown}
 p - 2 potions of berserk rage {unknown}
 u - a potion of brilliance {unknown}


   Skills:
 + Level 4.4 Fighting
 - Level 2.0 Maces & Flails
 + Level 2.5 Ranged Weapons
 + Level 3.1 Dodging
 - Level 6.0 Stealth
 + Level 3.6 Spellcasting


You had 12 spell levels left.
You didn't know any spells.
Your spell library contained the following spells:

 Spells                   Type           Power      Damage    Failure   Level
 Call Imp                 Summ           4%         N/A       30%         2
 Ensorcelled Hibernation  Hex/Ice        4%         N/A       30%         2
 Sublimation of Blood     Necr           2%         N/A       30%         2
 Inner Flame              Hex/Fire       2%         N/A       52%         3
 Passwall                 Erth           2%         N/A       52%         3
 Irradiate                Conj/Alch      1%         3d12      99%         5
 Summon Hydra             Summ           1%         N/A       100%        7
 Ignition                 Fire           1%         3d3       100%        8
 Swiftness                Air            Unusable   N/A       N/A         3

Dungeon Overview and Level Annotations

Branches:
Dungeon (7/15)             Temple (1/1) D:5

Altars:
Ashenzari
Cheibriados
Dithmenos
Elyvilon
Fedhas
Gozag
Hepliaklqana
Kikubaaqudgha
Makhleb
Nemelex Xobeh
Qazlal
Ru
Sif Muna
Trog
Uskayaw
Vehumet
Wu Jian
Xom
Yredelemnul
Zin
The Shining One

Annotations:
D:5 exclusion: downstairs
D:6 exclusion: downstairs


Innate Abilities, Weirdness & Mutations

You cannot be hasted, slowed, berserked, paralysed or teleported.
You can dig through walls and to a lower floor.
You have a pair of large antennae on your head. (SInv)
Your four strong arms can wield two-handed weapons with a shield.
Your mind is acute. (Int +4, Str/Dex -1)
You are vulnerable to cold. (rC-)


Message History

The sleepcap is moderately damaged.
The sleepcap barely misses you.
You hit the sleepcap.
The sleepcap is heavily damaged.
The sleepcap releases spores at you.
You are engulfed in a cloud of soporific spores!
You fall asleep.
The sleepcap releases spores at you but does no damage.
The sleepcap releases spores at you!
You wake up.
You are engulfed in a cloud of soporific spores!
You are unaffected.
Unknown command.
Unknown command.
Unknown command.
You hit the sleepcap.
The sleepcap is severely damaged.
The sleepcap releases spores at you.
* * * LOW HITPOINT WARNING * * *
You are engulfed in a cloud of soporific spores!
You are unaffected.
Okay, then.
Unknown command.
Unknown command.
Unknown command.
Unknown command.
You hit the sleepcap but do no damage.
The sleepcap is severely damaged.
The sleepcap barely misses you.
You thump the sleepcap!
The sleepcap is almost destroyed.
The sleepcap closely misses you.
You hit the sleepcap but do no damage.
The sleepcap is almost destroyed.
The sleepcap releases spores at you but does no damage.
The sleepcap releases spores at you.
* * * LOW HITPOINT WARNING * * *
You are engulfed in a cloud of soporific spores!
You fall asleep.
The sleepcap releases spores at you!!
You die...

####### ................
................
................
................##########
######
.....$......†...f@........
......
....................#####
######
........###########.##
...f...†#####....##..####
#+#.†#+#....#....###....##
#..#.#....#..>.# ####..##
#..#...........#
##..######
#..#...........#
#.......##
#..#......f....####
#.#.#.#..###
#.<#...............
#..........#
#.........†).......
#.#.#.#....#
+..................
#..........#
#........##........
#.#.#.#....###
#........##........
#.............
#........##........
##...........[
+........##........
#.(..........
#........##########
#............ #........#
#............
#.....)......


You could see a sleepcap.

Vanquished Creatures
  A phantom (D:4)
  2 hounds
  A jelly (D:5)
  A sleepcap (D:5)
  A gnoll (D:6)
  2 adders (D:2)
  2 ufetubi (D:6)
  6 dart slugs
  2 orcs
  4 bats
  5 endoplasms
  6 giant cockroaches
  4 goblins
  6 hobgoblins
  3 jackals
  5 quokkas
  4 ball pythons
  8 frilled lizards
  4 kobolds
  3 rats
70 creatures vanquished.

Notes
Turn   | Place    | Note
-------+----------+-------------------------------------------
     0 | D:5      | petzl the Formicid Delver began the quest for the Orb.
     0 | D:5      | Reached XP level 1. HP: 18/18 MP: 1/1
    82 | D:2      | Reached skill level 1 in Spellcasting
   146 | D:2      | Reached XP level 2. HP: 19/24 MP: 4/4
   739 | D:1      | Reached XP level 3. HP: 29/29 MP: 6/6
   849 | D:2      | Found a faded altar of an unknown god.
  1180 | D:2      | Reached XP level 4. HP: 35/35 MP: 7/7
  1525 | D:2      | Reached skill level 1 in Ranged Weapons
  2159 | D:3      | Reached XP level 5. HP: 23/42 MP: 9/9
  2327 | D:3      | Found a white marble altar of Elyvilon.
  2470 | D:3      | Found a blossoming altar of Fedhas.
  2470 | D:3      | Found an ancient bone altar of Kikubaaqudgha.
  2734 | D:4      | Noticed a black bear
  2751 | D:4      | You fall into a shaft and drop 3 floors!
  2915 | D:6      | Found a bloodstained altar of Trog.
  3225 | D:5      | Reached XP level 6. HP: 48/48 MP: 10/10
  3309 | D:5      | Found a staircase to the Ecumenical Temple.
  3318 | Temple   | Entered the Ecumenical Temple
  3390 | Temple   | Became a worshipper of Vehumet
  3727 | D:4      | Gained mutation: You are vulnerable to cold. (rC-) [potion
                  | of mutation]
  3727 | D:4      | Gained mutation: Your mind is acute. (Int +4, Str/Dex -1)
                  | [potion of mutation]
  3962 | D:4      | Mangled by a sleepcap

Illustrated notes

Levels and vault maps discovered:
D:1:      beargit_arrival_diablo_church, layout_rooms, serial_park_tiny_2,
          minmay_misc_feat_rugged
D:2:      layout_basic, hellmonk_ecumenical_altar_dog_temple,
          chequers_serial_rivers_micro_b, chequers_serial_rivers_micro_d
D:3:      layout_basic, grunt_temple_overflow_growth_and_decay,
          elyvilon_altar_5, minmay_crystal_room, minmay_strange_pillars,
          st_stairs_7
D:4:      layout_basic, serial_glass, glass_columns_a, glass_columns_b,
          minmay_strange_pillars
D:5:      layout_cave_pods, minmay_temple_entry_drinking_statues, serial_park,
          serial_park_paths [serial_park_minivault_5x5_8], serial_park_fountain,
          serial_park_square3 [serial_park_minivault_5x5_5], serial_park_gazebo
          [serial_park_minivault_5x5_4], serial_park_tiny_2,
          minmay_ogre_servants
D:6:      layout_basic, nicolae_overflow_crystal_walls, serial_rivers,
          chequers_serial_rivers_micro_e, chequers_serial_rivers_micro_c,
          chequers_serial_rivers_micro_e, chequers_serial_rivers_small_3,
          chequers_serial_rivers_micro_b
D:7:      layout_rooms, serial_corexii_hall, chequers_hall_statues_y,
          corexii_hall_statues_u, chequers_hall_statues_y,
          corexii_hall_statues_u, minmay_misc_feat_room
Temple:   minmay_temple_bridge_d

Skill      XL: |  1  2  3  4  5  6 |
---------------+-------------------+-----
Spellcasting   | 1 2 3 |  3.6
Dodging        | 2 3 |  3.1
Ranged Weapons | 1 2 |  2.5
Fighting       | 4 |  4.4
Maces & Flails | |  2.0
Stealth        | |  6.0

Action                     |  1- 3 |  4- 6 || total
---------------------------+-------+-------++-------
  Melee: Mace              |    72 |    58 ||   130
         Punch             |       |     1 ||     1
   Fire: Sling             |    35 |   124 ||   159
Ability: Dig               |       |     3 ||     3
         Shaft Self        |       |     1 ||     1
    Use: Scroll            |       |     4 ||     4
         Potion            |       |     3 ||     3
   Stab: Sleeping          |     2 |       ||     2
 Armour: Leather armour    |    66 |    86 ||   152
  Dodge: Dodged            |    85 |   103 ||   188

Table legend: (Time is in decaauts)
 A = Elapsed time spent in this place.
 B = Non-inter-level travel time spent in this place.
 C = Inter-level travel time spent in this place.
 D = Time resting spent in this place.
 E = Time spent auto-exploring this place.
 F = Levels seen in this place.
 G = Mean time per level.
                   A        B        C        D        E       F      G
               +--------+--------+--------+--------+--------+-----+--------+
         Total |   4040 |   3728 |    312 |    495 |   2106 |   8 |  505.0 |
       Dungeon |   3896 |   3727 |    169 |    495 |   2106 |   7 |  556.6 |
        Temple |    144 |      1 |    143 |      0 |      0 |   1 |  144.0 |
               +--------+--------+--------+--------+--------+-----+--------+

Top non-repeatable levels by time:
     D:2: 1273 daAuts
     D:3: 915 daAuts
     D:1: 540 daAuts
     D:4: 535 daAuts
     D:6: 260 daAuts
     D:5: 229 daAuts
  Temple: 144 daAuts
     D:7: 141 daAuts
